[Event "Catalonia Championship Absolute 2024"]
[Site "Salou Tarragona"]
[Date "2024.05.12"]
[Round "1.1"]
[White "Alsina Leal, Daniel"]
[Black "Riera Morilla, Elisabeth"]
[Result "1-0"]
[ECO "C84"]
[WhiteElo "2510"]
[BlackElo "1951"]
[Annotator "TA"]
[PlyCount "79"]
[EventDate "2024.05.06"]
[EventType "k.o."]
[EventCountry "ESP"]
[SourceTitle "playchess.com"]
[Source "ChessBase"]
[SourceQuality "1"]
[TimeControl "5400+30"]

1. e4 e5 2. Nf3 Nc6 3. Bb5 a6 4. Ba4 Nf6 5. O-O b5 6. Bb3 Be7 7. a4 Bb7 8. d3 d6 9. Nc3 b4 10. Ne2 O-O 11. a5 Bc8 12. Bd2 Bg4 {[%emt 0:00:30] The position is equal.} 13. Ba4 Nb8 (13... Bd7 $14) 14. Bxb4 $16 Bxf3 15. gxf3 Nh5 16. Kh1 Nd7 17. Bd2 Nc5 18. Bc6 Rb8 19. b4 Ne6 {[%emt 0:00:30] [#]} 20. f4 $1 exf4 21. c3 Kh8 22. Ng1 g6 23. Re1 Bh4 24. Qe2 Qc8 25. Nf3 {[%emt 0:00:30] Against Ng5} Bf6 26. e5 Bg7 27. d4 Nd8 28. Bd5 $36 {[%emt 0:00:30][%mdl 2048] Black is under strong pressure. White is more active.} c6 $2 (28... Re8 $16 29. Qd3 dxe5) 29. Bc4 $18 Ra8 30. exd6 Qh3 31. Ng5 (31. Bxa6 Rxa6 32. Qxa6 Qxf3+ 33. Kg1 Qg4+ 34. Kh1 Qf3+ 35. Kg1 Qg4+ 36. Kh1 Qf3+ $11) 31... Qh4 32. Rg1 {[%emt 0:00:30][%cal Og1g4] [#] Rg4! is the strong threat.} h6 $2 (32... f6 33. Nf3 Qh3) 33. Rg4 {[%emt 0:00:30] White is clearly winning.} Ng3+ 34. fxg3 Qh5 35. Bxf4 hxg5 36. Bxg5 Kg8 37. Rf1 ({Less strong is} 37. Bxa6 Rxa6 38. Be7 Re8 39. Qxa6 Qxg4 $16) 37... Ra7 38. Be7 ({Weaker is} 38. Bxa6 Rxa6 39. d7 Ne6 $18) 38... Re8 39. Re4 (39. Bxa6 Rxa6 40. Qxa6 Qxg4 $16) 39... Qh3 40. Qf3 {[%emt 0:00:30] Black got outplayed after the opening.   Weighted Error Value: White=0.03 (flawless) /Black=0.46.  Loses game:     	---       	Black=1      Mistake:       	---       	Black=2      Inaccurate:     	---       	Black=3      OK:         	White=13    	Black=6      Best:        	White=4     	Black=1} 1-0

[Event "Catalonia Championship Absolute 2024"]
[Site "Salou Tarragona"]
[Date "2024.05.12"]
[Round "1.1"]
[White "Guerra Mendez, Jose Angel"]
[Black "Guasch Figuerola, Agusti"]
[Result "1-0"]
[ECO "B07"]
[WhiteElo "2489"]
[BlackElo "1991"]
[Annotator "TA"]
[PlyCount "73"]
[EventDate "2024.05.06"]
[EventType "k.o."]
[EventCountry "ESP"]
[SourceTitle "playchess.com"]
[Source "ChessBase"]
[SourceQuality "1"]
[TimeControl "5400+30"]

1. e4 g6 2. d4 Bg7 3. Nf3 d6 4. c3 Nf6 5. Bd3 O-O 6. O-O Nc6 7. Re1 e5 8. h3 Re8 9. d5 Ne7 10. c4 Nh5 11. Nc3 h6 {[%emt 0:03:49] White is slightly better.} 12. Be3 Nf4 13. Bf1 f5 14. Bxf4 exf4 15. e5 dxe5 16. Nxe5 {[%emt 0:00:07] A dynamic duo of knights.} Rf8 $2 {[%emt 0:01:09] Black is weak on the light squares} ({Black should try} 16... Nxd5 $1 $14 17. Qxd5+ Qxd5 18. Nxd5 Rxe5 (18... Bxe5 $2 {is the wrong capture.} 19. Nxc7 Bd7 20. Nxa8 $18)) 17. c5 Rf6 {[%emt 0:06:21] [#]} 18. d6 $1 cxd6 19. Bc4+ d5 20. Nxd5 Nxd5 21. Bxd5+ ({Weaker is} 21. Qxd5+ Qxd5 22. Bxd5+ Be6 23. Bxb7 Rb8 $18) 21... Kh7 22. Qb3 Qc7 23. Rad1 Rf8 {[%emt 0:02:59] Dodges Bg8+} 24. Nd3 Rb8 25. Qc4 g5 26. b4 $1 a6 27. Re2 ({White should play} 27. a4 $18) 27... Bd7 $16 {[%emt 0:00:21] Prevents b5} 28. Rde1 {[%emt 0:06:37] Re7 is the strong threat. White is more active.} Bb5 {[%emt 0:01:57] [#]} (28... Rbe8 $16) 29. Qb3 $1 $36 {[%emt 0:00:41][%mdl 2048] Black is under strong pressure.} Rbe8 {[%emt 0:00:21] [#] Inhibits Re7.} 30. a4 (30. Rxe8 $1 $18 Rxe8 31. Rxe8 Bxe8 32. a4) 30... Rxe2 $16 31. Rxe2 Re8 $2 (31... Bxd3 $16 32. Qxd3 a5) 32. Be6 Bxd3 33. Qxd3 Kh8 34. Qxf5 {[%emt 0:01:19] Qg6 would now be deadly.} Rf8 35. Qe4 Re8 $2 (35... f3 36. gxf3 Rf4) 36. Qg6 $18 Qd8 {[%emt 0:01:12] [#]} 37. Bf5 $1 {[%emt 0:01:13] Weighted Error Value: White=0.17 (very precise) /Black=0.53.  Loses game:     	---       	Black=2      Mistake:       	White=2     	Black=2      Inaccurate:     	---       	Black=2      OK:         	White=10    	Black=7      Best:        	White=1     	Black=1      Strong:       	White=2     	---} 1-0

[Event "Catalonia Championship Absolute 2024"]
[Site "Salou Tarragona"]
[Date "2024.05.12"]
[Round "1.1"]
[White "Ayats Llobera, Gerard"]
[Black "Serrano Batova, Vicent"]
[Result "1/2-1/2"]
[ECO "B31"]
[WhiteElo "2449"]
[BlackElo "2137"]
[Annotator "RC"]
[PlyCount "166"]
[EventDate "2024.05.06"]
[EventType "k.o."]
[EventCountry "ESP"]
[SourceTitle "playchess.com"]
[Source "ChessBase"]
[SourceQuality "1"]
[TimeControl "5400+30"]

1. e4 c5 2. Nf3 Nc6 3. Bb5 g6 4. Bxc6 dxc6 5. Nc3 Bg7 6. d3 Nf6 7. h3 Nd7 8. Be3 e5 9. Qd2 h6 10. O-O b6 11. Nh2 Nf8 12. f4 exf4 13. Bxf4 Ne6 14. Bg3 Qg5 15. Qe1 Nd4 16. Qf2 O-O 17. Rae1 Qe7 18. Kh1 Be6 19. e5 Nf5 20. Ne4 Qc7 21. Bf4 g5 22. g4 Nh4 23. Bg3 Ng6 24. Nf3 Qd7 25. Nfd2 Qd4 26. Qxd4 cxd4 27. Nd6 Rad8 28. Nf5 Rd5 29. Ne4 Rfd8 30. Nxg7 Kxg7 31. Nd6 Rh8 32. Kg1 Ra5 33. a3 h5 34. Nf5+ Bxf5 35. gxf5 Nf4 36. Bxf4 gxf4 37. Rxf4 Re8 38. Rfe4 Kh6 39. h4 f6 40. Rxd4 Raxe5 41. Rxe5 Rxe5 42. Rd6 Rxf5 43. Rxc6 Rf4 44. Kg2 Kg6 45. Rc4 Rf5 46. b4 Rd5 47. Rc7 a5 48. Rc6 axb4 49. axb4 Re5 50. Kf3 Rf5+ 51. Ke3 Re5+ 52. Kf3 Rf5+ 53. Kg3 Rb5 54. c3 Kf5 55. Kf3 Ke5 56. d4+ Kd5 57. Rxf6 Kc4 58. Rc6+ Kd3 59. Kf4 Rd5 60. c4 Rxd4+ 61. Kg5 b5 62. cxb5 Rd5+ 63. Kg6 Rxb5 64. Re6 Rxb4 65. Kxh5 Rb1 66. Kh6 Kd4 67. h5 Rh1 68. Kg6 Kd5 69. Re2 Rg1+ 70. Kh7 Kd6 71. h6 Kd7 72. Kh8 Rg6 73. Kh7 Rg1 74. Ra2 Ke7 75. Ra7+ Kf8 76. Rg7 Rh1 77. Rg3 Rf1 78. Rg2 Rf3 79. Kg6 Kg8 80. h7+ Kh8 81. Rd2 Rg3+ 82. Kh6 Rh3+ 83. Kg6 Rg3+ 1/2-1/2

[Event "Catalonia Championship Absolute 2024"]
[Site "Salou Tarragona"]
[Date "2024.05.12"]
[Round "1.1"]
[White "Narciso Dublan, Marc"]
[Black "Perpinya Rofes, Lluis Maria"]
[Result "1/2-1/2"]
[ECO "A27"]
[WhiteElo "2424"]
[BlackElo "2205"]
[Annotator "TA"]
[PlyCount "99"]
[EventDate "2024.05.06"]
[EventType "k.o."]
[EventCountry "ESP"]
[SourceTitle "playchess.com"]
[Source "ChessBase"]
[SourceQuality "1"]
[TimeControl "5400+30"]

1. c4 e5 2. Nc3 Nc6 3. Nf3 g6 4. d4 exd4 5. Nxd4 Bg7 6. Nxc6 bxc6 7. g3 Ne7 8. Bg2 O-O 9. O-O d6 10. Bg5 Rb8 11. Qd2 Be6 12. b3 c5 13. Rad1 f6 {[%emt 0:02:10] White is slightly better.} 14. Bf4 Re8 15. Na4 (15. Nb5 {seems wilder.} a6 16. Nxc7 Qxc7 17. Bxd6 Qb6 18. Bxb8 Rxb8 19. Qd6) 15... Qc8 16. Qa5 $36 {[%emt 0:01:22][%mdl 2048] White is pushing.} Bd7 {[%emt 0:07:24] [#]} 17. Nxc5 $1 dxc5 18. Qxc7 {[%emt 0:00:49] White is much more active.} Qxc7 19. Bxc7 Be6 20. Bxb8 Rxb8 21. Rd6 Kf7 (21... Bc8 $16 {was worth a try.} 22. Rfd1 Kf7) 22. Ra6 $18 Nc8 23. Rc6 Bf8 24. Rd1 {[%emt 0:01:41] Prevents Bd6} Be7 25. Rc7 {[%emt 0:01:06] Black must now prevent Rd8.} Kf8 26. Bc6 a5 27. Rd3 h5 28. f3 ({White should try} 28. Bd7 $16 Bg4 29. Bxg4 hxg4 30. Re3) 28... Rb6 $2 {[%emt 0:01:40] [#]} (28... Bd6 $14 29. Rb7 (29. Rxc8+ Rxc8 30. Rxd6 Ke7 $17) 29... Rxb7 30. Bxb7 Ke7) 29. Re3 $2 {[%emt 0:02:07] [#]} ({Better is} 29. Bd7 $1 $18 Bxd7 30. Rdxd7) 29... Bd8 $1 $17 30. Rxe6 Bxc7 31. Re8+ Kf7 {[%emt 0:00:25] Hoping for ...Nd6.} 32. Ba4 Ne7 33. Ra8 Rd6 34. Ra7 Rd1+ 35. Kf2 Be5 {[%emt 0:00:45] ...Bd4+ is the strong threat.} 36. b4 $2 (36. Bc6 {might work better.}) 36... Bd4+ $19 37. e3 Rd2+ 38. Kf1 Bxe3 39. bxa5 Rf2+ 40. Ke1 Rxa2 41. Bc6 Bd2+ ({Weaker is} 41... Rxh2 42. Bd5+ Ke8 43. Ra8+ Kd7 44. Ra7+ Kd6 45. Ra6+ Ke5 46. Re6+ Kd4 47. Rxe7 $15) 42. Kd1 Rxa5 ({Not} 42... Bxa5 43. Bd5+ Kf8 44. Ra8+ Kg7 45. Ra7 $17) 43. Rb7 Bh6 (43... Bb4 $19 44. Bd5+ Kf8 45. Rb8+ Kg7) 44. Bd5+ $1 $15 Kf8 (44... Ke8 $1 $15 45. Rb8+ Kd7 46. Rb7+ Kd8 47. Rb8+ Nc8) 45. Rb8+ $1 $11 {[%emt 0:00:05] The position is equal.} Kg7 46. Rb7 $1 Ra1+ 47. Ke2 Ra2+ 48. Kf1 Ra1+ 49. Ke2 Ra2+ 50. Kf1 {[%emt 0:00:05] White used his chance.   Weighted Error Value: White=0.25 (precise) /Black=0.29 (precise) .  Missed win:     	White=1     	Black=1      Mistake:       	White=2     	Black=3      Inaccurate:     	White=1     	Black=2      OK:         	White=16    	Black=14     Best:        	White=5     	Black=2      Strong:       	White=3     	Black=1      Brilliant:      	White=1     	---} 1/2-1/2

[Event "Catalonia Championship Absolute 2024"]
[Site "Salou Tarragona"]
[Date "2024.05.12"]
[Round "1.1"]
[White "Lorenzo De La Riva, Lazaro"]
[Black "Lemeshev, Ilya"]
[Result "1-0"]
[ECO "B12"]
[WhiteElo "2422"]
[BlackElo "2313"]
[Annotator "TA"]
[PlyCount "79"]
[EventDate "2024.05.06"]
[EventType "k.o."]
[EventCountry "ESP"]
[SourceTitle "playchess.com"]
[Source "ChessBase"]
[SourceQuality "1"]
[TimeControl "5400+30"]

1. e4 c6 2. d4 d5 3. e5 Bf5 4. h4 h5 5. Bd3 Bxd3 6. Qxd3 e6 7. Nf3 Ne7 8. Bg5 {[%emt 0:00:09] Black is weak on the dark squares} Qb6 9. Nbd2 Nf5 {[%emt 0:01:38][%cal Oc6c5] The position is equal.} 10. O-O Be7 11. Bxe7 Nxe7 12. c4 Nf5 13. Rfc1 {[%emt 0:07:06] [#] And now cxd5 would win.} O-O 14. Nf1 Qd8 15. g3 dxc4 16. Rxc4 Na6 17. Ng5 ({White should play} 17. Rd1 $14) 17... Qd7 (17... b5 $1 $11 18. Rc3 (18. Rxc6 $2 Nb4 $19) 18... Qxd4 (18... Nxd4 19. Qh7#)) 18. Ne3 Rae8 (18... Nc7 $1 $14) 19. Qe2 $16 f6 20. exf6 $40 {[%emt 0:00:35][%mdl 128] White is out for blood.} gxf6 21. Ne4 Nxe3 22. Qxe3 Qg7 {[%emt 0:00:52] Wards off Qh6} 23. Nd6 Re7 24. Re1 {[%emt 0:00:02] White has more active pieces.} Qh7 {[%emt 0:03:30] Inhibits Nf5.} (24... f5 $16) 25. Qf3 (25. Ra4 $18) 25... Qg6 {[%emt 0:05:55] Black cannot hold the game after this.} (25... f5 $16) 26. Ra4 Qc2 27. b3 Nb4 $2 (27... f5 28. Qxh5 Nc7 29. Rxa7 (29. Nxb7 f4 $14) 29... Qc3) 28. Nf5 $18 (28. Rxb4 Qd2 29. Rxb7 Qxe1+ 30. Kg2 Rxb7 31. Nxb7 e5 $11) (28. Rxa7 Qh7 29. a4 e5 $11) (28. Qxh5 Nd3 29. Rf1 b5 $18) 28... Ree8 29. Nh6+ (29. Rxb4 exf5 30. Rxe8 Rxe8 31. Rxb7 Re1+ 32. Kg2 Qe4 33. Qxe4 (33. Rxa7 $2 Rg1+ 34. Kxg1 Qxf3 $19) 33... fxe4 34. Rxa7 Rd1) 29... Kg7 30. Rxb4 ({Worse is} 30. Qxh5 Nd5 31. Rxa7 Rb8 $11) 30... b5 31. d5 Kxh6 32. dxe6 Re7 33. Rf4 Qg6 34. Qxc6 f5 35. Qxb5 (35. Qc5 $142 Ree8 36. Re5 (36. Qxb5 Rxe6 37. Re5 a6 $18)) 35... Rxe6 36. Rxe6 Qxe6 37. Ra4 {[%emt 0:00:17][%cal Oa4a6] [#] Threatens to win with Ra6!} Rf6 38. Rxa7 {[%emt 0:00:18] Strongly threatening Qb8.} Rg6 (38... Qe1+ $18 39. Qf1 Qxf1+ 40. Kxf1 f4 41. gxf4 Rxf4) 39. Qb8 Rxg3+ 40. Qxg3 {[%emt 0:00:13] Weighted Error Value: White=0.32/Black=0.52.  Mistake:       	White=2     	Black=6      Inaccurate:     	---       	Black=2      OK:         	White=17    	Black=10     Best:        	White=3     	Black=1} ({Inferior is} 40. fxg3 Qe1+ 41. Kg2 Qe2+ 42. Kg1 Qe1+ 43. Kg2 Qe2+ 44. Kg1 Qe1+ $11) 1-0

[Event "Catalonia Championship Absolute 2024"]
[Site "Salou Tarragona"]
[Date "2024.05.12"]
[Round "1.1"]
[White "Garcia Ramos, Daniel"]
[Black "Cervello Tost, Ferran"]
[Result "1-0"]
[ECO "B12"]
[WhiteElo "2406"]
[BlackElo "2316"]
[Annotator "ChessBase"]
[PlyCount "91"]
[EventDate "2024.05.06"]
[EventType "k.o."]
[EventCountry "ESP"]
[SourceTitle "playchess.com"]
[Source "ChessBase"]
[SourceQuality "1"]
[TimeControl "5400+30"]

1. e4 c6 2. d4 d5 3. e5 a6 4. c4 Bf5 5. Nc3 e6 6. h4 h5 7. Nf3 Bg4 8. Be3 Ne7 9. Rc1 Nf5 10. Qb3 Nxe3 11. fxe3 Nd7 12. Qxb7 Rb8 13. Qxc6 Rxb2 14. cxd5 Bb4 15. Be2 O-O 16. Kf1 Qa5 17. Nd1 Nb8 18. Qc7 Rxa2 19. Qxa5 Bxa5 20. dxe6 fxe6 21. Kf2 Nd7 22. Nc3 Bxc3 23. Rxc3 Rb8 24. Re1 Nf8 25. Kg3 Rbb2 26. Bf1 Bxf3 27. gxf3 Ng6 28. Bh3 Kh7 29. Rc6 Rh2 30. Rxe6 Nxh4 31. Kxh4 Rag2 32. Re7 Kh6 33. Re6+ Kh7 34. Re7 Kh6 35. Rxg7 Rxg7 36. Ra1 Rg6 37. d5 Rf2 38. Rf1 Rd2 39. d6 Rg5 40. f4 Rg8 41. Rf3 a5 42. Be6 Rg7 43. Rg3 Rh2+ 44. Bh3 Ra7 45. e6 a4 46. e7 1-0

[Event "Catalonia Championship Absolute 2024"]
[Site "Salou Tarragona"]
[Date "2024.05.12"]
[Round "1.2"]
[White "Granados Gomez, Manuel"]
[Black "Farran Martos, Francesc X.."]
[Result "1-0"]
[ECO "A36"]
[WhiteElo "2358"]
[BlackElo "2362"]
[Annotator "ChessBase"]
[PlyCount "83"]
[EventDate "2024.05.06"]
[EventType "k.o."]
[EventCountry "ESP"]
[SourceTitle "playchess.com"]
[Source "ChessBase"]
[SourceQuality "1"]
[TimeControl "5400+30"]

1. e4 c5 2. c4 Nc6 3. Nc3 g6 4. g3 Bg7 5. Bg2 e6 6. Nge2 Nge7 7. d3 O-O 8. O-O d6 9. Be3 Nd4 10. Qd2 Nec6 11. Bh6 a6 12. Bxg7 Kxg7 13. Nxd4 Nxd4 14. Ne2 Nxe2+ 15. Qxe2 e5 16. f4 b5 17. f5 f6 18. g4 Rb8 19. h4 Rf7 20. Rf3 Qb6 21. b3 Bd7 22. Raf1 Rbf8 23. Qd2 Qd8 24. Kh2 gxf5 25. exf5 Bc6 26. Rg3 Bxg2 27. Qxg2 Kh8 28. Qd5 Rg7 29. Rfg1 Qd7 30. Qe4 h6 31. Rh3 Rh7 32. Rgg3 Rg8 33. g5 hxg5 34. hxg5 Rxh3+ 35. Rxh3+ Kg7 36. g6 d5 37. Rh7+ Kf8 38. Rxd7 dxe4 39. dxe4 Ke8 40. Ra7 Rh8+ 41. Kg3 Rh1 42. Rxa6 1-0

[Event "Catalonia Championship Absolute 2024"]
[Site "Salou Tarragona"]
[Date "2024.05.12"]
[Round "1.2"]
[White "Ribera Veganzones, Serni"]
[Black "Salinas Tomas, Daniel"]
[Result "1/2-1/2"]
[ECO "C88"]
[WhiteElo "2341"]
[BlackElo "2370"]
[Annotator "ChessBase"]
[PlyCount "54"]
[EventDate "2024.05.06"]
[EventType "k.o."]
[EventCountry "ESP"]
[SourceTitle "playchess.com"]
[Source "ChessBase"]
[SourceQuality "1"]
[TimeControl "5400+30"]

1. e4 e5 2. Nf3 Nc6 3. Bb5 a6 4. Ba4 Nf6 5. O-O Be7 6. Re1 b5 7. Bb3 O-O 8. a4 b4 9. d3 d6 10. Nbd2 Be6 11. Bxe6 fxe6 12. c3 Rb8 13. Nc4 Qe8 14. d4 Qg6 15. dxe5 Nxe4 16. exd6 cxd6 17. Qe2 d5 18. Nce5 Nxe5 19. Nxe5 Qf5 20. Nd7 bxc3 21. bxc3 Bc5 22. Be3 Nxc3 23. Qd2 Ne4 24. Qd3 d4 25. Bxd4 Qd5 26. Nxc5 Nxc5 27. Qc3 Rfc8 1/2-1/2

[Event "Catalonia Championship Absolute 2024"]
[Site "Salou Tarragona"]
[Date "2024.05.12"]
[Round "1.2"]
[White "Cervello Tost, Ferran"]
[Black "Garcia Ramos, Daniel"]
[Result "0-1"]
[ECO "A01"]
[WhiteElo "2316"]
[BlackElo "2406"]
[Annotator "ChessBase"]
[PlyCount "96"]
[EventDate "2024.05.06"]
[EventType "k.o."]
[EventCountry "ESP"]
[SourceTitle "playchess.com"]
[Source "ChessBase"]
[SourceQuality "1"]
[TimeControl "5400+30"]

1. b3 e5 2. Bb2 Nc6 3. e3 Nf6 4. Bb5 Bd6 5. Na3 a6 6. Be2 Be7 7. c4 d5 8. Nc2 O-O 9. Nf3 e4 10. Ne5 Nxe5 11. Bxe5 Nd7 12. Bg3 dxc4 13. Bxc4 Bf6 14. Rc1 Ne5 15. O-O Nxc4 16. bxc4 Be6 17. Ne1 b5 18. f3 Bxc4 19. Rf2 Bh4 20. Bxh4 Qxh4 21. fxe4 Bxa2 22. d3 Be6 23. Nf3 Qe7 24. d4 a5 25. Ne5 f6 26. Nc6 Qe8 27. Rf4 g5 28. Rf3 Bc4 29. Rxc4 bxc4 30. Qa4 Qxe4 31. Qxc4+ Kg7 32. Qc5 Rf7 33. h4 g4 34. Rg3 a4 35. Nb4 a3 36. Qc4 h5 37. Na2 Ra5 38. Kh2 Qd5 39. Qb4 Ra6 40. Qd2 Rb6 41. Nc3 Qa5 42. e4 Rb2 43. Qf4 a2 44. e5 a1=Q 45. Rxg4+ hxg4 46. Qxg4+ Kf8 47. Qc8+ Ke7 48. e6 Rxg2+ 0-1

[Event "Catalonia Championship Absolute 2024"]
[Site "Salou Tarragona"]
[Date "2024.05.12"]
[Round "1.2"]
[White "Lemeshev, Ilya"]
[Black "Lorenzo De La Riva, Lazaro"]
[Result "1/2-1/2"]
[ECO "E00"]
[WhiteElo "2313"]
[BlackElo "2422"]
[Annotator "TA"]
[PlyCount "144"]
[EventDate "2024.05.06"]
[EventType "k.o."]
[EventCountry "ESP"]
[SourceTitle "playchess.com"]
[Source "ChessBase"]
[SourceQuality "1"]
[TimeControl "5400+30"]

1. d4 Nf6 2. c4 e6 3. g3 Bb4+ 4. Nd2 c5 5. a3 Bxd2+ 6. Qxd2 Nc6 {[%emt 0:00:07] E00: Catalan Bogo-Indian (3 g3 Bb4+).} 7. Nf3 Ne4 8. Qd3 Qa5+ 9. Nd2 d5 10. dxc5 $146 ({Predecessor:} 10. f3 Nd6 11. dxc5 Nxc4 12. Qc3 Qxc3 13. bxc3 Ne3 14. Ra2 e5 15. Ne4 dxe4 16. Bxe3 {½-½ Ivanchuk,V (2667)-Wei,Y (2726) FIDE World Cup 2023 (3.1)}) 10... Nxc5 11. Qc2 Nd4 12. Qd1 Ndb3 13. Rb1 dxc4 14. Bg2 O-O 15. O-O Rd8 16. Nxc4 Rxd1 17. Nxa5 Rxf1+ 18. Kxf1 Nxa5 19. b4 Ncb3 20. Be3 Bd7 21. bxa5 Nxa5 22. Bxb7 Rb8 23. Be4 $1 (23. Bxa7 $2 {is the wrong capture.} Rxb7 24. Rxb7 Nxb7 $19) 23... Rxb1+ 24. Bxb1 Nc4 25. Bc1 (25. Bxa7 $2 {perishes.} Nd2+ (25... Nxa3 26. Be4 $14) 26. Ke1 Nxb1 $19) 25... a5 26. Bd3 Nd6 27. Ke1 e5 28. Kd2 f5 29. Bb2 Be6 30. Kd1 Nc4 31. Bc1 Kf7 32. f3 a4 33. Kc2 Nb6 34. Bb2 Bb3+ 35. Kc3 Nd5+ 36. Kd2 Ke6 37. Ba6 g6 38. Kd3 Kd6 39. Bc1 Kc5 40. Bh6 Nc7 41. Be3+ Kc6 42. Bc4 $1 e4+ 43. fxe4 fxe4+ 44. Kd4 Nb5+ 45. Bxb5+ Kxb5 46. Kxe4 Bd1 47. Kd3 Kc6 48. Bd2 Kd5 49. e4+ Ke6 50. Ke3 Bc2 51. Bc3 h5 52. Kf4 Bb1 53. h3 Bc2 54. e5 Bb1 55. Kg5 Bc2 56. Kf4 Bf5 57. h4 Bc2 58. Ke3 Kd5 59. Bb2 Bf5 60. Kd2 Kc4 61. Bc1 Kd4 62. Bb2+ Kc4 63. Ke2 Kd5 64. Bc3 Ke4 65. Ba1 Be6 66. Bb2 Bf5 67. Bc3 Bd7 68. Kd2 Bf5 69. Kc2 Kf3+ 70. Kd1 Kxg3 71. Be1+ Kf4 72. Bc3 Kg4 1/2-1/2

[Event "Catalonia Championship Absolute 2024"]
[Site "Salou Tarragona"]
[Date "2024.05.12"]
[Round "1.2"]
[White "Perpinya Rofes, Lluis Maria"]
[Black "Narciso Dublan, Marc"]
[Result "0-1"]
[ECO "B12"]
[WhiteElo "2205"]
[BlackElo "2424"]
[Annotator "RC"]
[PlyCount "68"]
[EventDate "2024.05.06"]
[EventType "k.o."]
[EventCountry "ESP"]
[SourceTitle "playchess.com"]
[Source "ChessBase"]
[SourceQuality "1"]
[TimeControl "5400+30"]

1. e4 c6 2. d4 d5 3. f3 e6 4. Nc3 Qb6 5. a3 Nf6 6. e5 Nfd7 7. f4 c5 8. Na4 Qa5+ 9. c3 c4 10. b4 cxb3 11. Qxb3 Nc6 12. Nf3 Rb8 13. Nb2 b5 14. Bd2 b4 15. Nd1 bxa3 16. Qc2 Nb6 17. Bd3 Qa4 18. Ne3 Na5 19. O-O Qxc2 20. Nxc2 Nbc4 21. Rfb1 Rb3 22. Bxc4 dxc4 23. Bc1 Rxc3 24. Nxa3 Nb3 25. Bb2 Rd3 26. Ne1 Nxa1 27. Nxd3 cxd3 28. Rxa1 Bb7 29. Bc3 Kd7 30. Nc4 a6 31. Rb1 Bd5 32. Ne3 Be4 33. Rb6 Be7 34. d5 Bc5 0-1

[Event "Catalonia Championship Absolute 2024"]
[Site "Salou Tarragona"]
[Date "2024.05.12"]
[Round "1.2"]
[White "Serrano Batova, Vicent"]
[Black "Ayats Llobera, Gerard"]
[Result "0-1"]
[ECO "D95"]
[WhiteElo "2137"]
[BlackElo "2449"]
[Annotator "TA"]
[PlyCount "126"]
[EventDate "2024.05.06"]
[EventType "k.o."]
[EventCountry "ESP"]
[SourceTitle "playchess.com"]
[Source "ChessBase"]
[SourceQuality "1"]
[TimeControl "5400+30"]

1. d4 Nf6 2. Nf3 g6 3. c4 Bg7 4. Nc3 d5 5. e3 O-O 6. Qb3 e6 7. Be2 b6 8. O-O dxc4 9. Qxc4 Ba6 10. Qa4 Bxe2 {[%emt 0:09:09] The position is equal.} 11. Nxe2 Qd7 12. Nc3 Rc8 13. Ne5 (13. Qc2 $11) 13... Qxa4 $15 14. Nxa4 Nfd7 15. Nd3 c5 16. dxc5 b5 {[%emt 0:00:16] Black is more active.} 17. Nc3 Bxc3 18. bxc3 Nxc5 19. Nxc5 Rxc5 20. Bd2 Nd7 21. a4 Rd5 22. Bc1 bxa4 23. Rxa4 Nc5 24. Rc4 {[%emt 0:05:17] Threatens to win with e4.} Nd3 25. Ra4 Rc5 26. Ra3 a5 27. e4 Ne5 28. Bf4 Nc4 29. Ra4 e5 30. Bg5 Kg7 31. Rfa1 Rb8 32. f3 Rb3 33. Bd8 Rbb5 34. Be7 Rc8 35. R1a2 {[%emt 0:00:00] [#]} (35. Bh4 $15) 35... Rb3 (35... f6 $1 $17 {Strongly threatening ...Kf7.} 36. Ra1 Rb7) 36. Rc2 {[%emt 0:00:35] Now White is beyond hope.} (36. Bh4 $15) 36... f6 $19 37. Re2 $2 (37. Rca2 {was worth a try.}) 37... Kf7 ({Weaker is} 37... Rxc3 38. Rea2 $19) 38. Bd8 Rb1+ ({And not} 38... Rxc3 39. Bxa5 Rc1+ 40. Be1 $11) 39. Kf2 Nb2 40. Rxa5 Rxd8 41. Ra7+ Kg8 42. Kg3 Nd3 43. Rd2 Rb2 44. Rxb2 Nxb2 {[%emt 0:00:01][%mdl 4096] Endgame. KRN-KR} 45. h4 Nd3 46. h5 Nf4 47. hxg6 hxg6 {[%emt 0:00:09] And now ...Rd2 would win.} 48. Ra2 Rd3 49. Kg4 Rxc3 50. Ra8+ Kg7 51. Ra7+ Kh6 {[%emt 0:00:54][%cal Oc3c2] ...Rc2! is the strong threat.} 52. g3 Nd3 53. Ra2 {[%emt 0:00:20] Inhibits Nf2+.} Rc1 54. Rd2 {[%emt 0:00:17] [#]} Rd1 $3 55. Rh2+ Kg7 {[%emt 0:00:07] ( -> ...Rf1)} 56. f4 exf4 {[%emt 0:01:14] Black mates.} 57. gxf4 Rf1 58. Rd2 Nxf4 59. Rd7+ Kh6 60. Rf7 Ne6 61. e5 Rf4+ 62. Kg3 fxe5 63. Re7 Rf6 {[%emt 0:00:08] Weighted Error Value: White=0.75/Black=0.11 (very precise) .  Mistake:       	White=4     	Black=1      Inaccurate:     	White=6     	Black=2      OK:         	White=13    	Black=20     Best:        	White=2     	Black=3} 0-1